 Dungeon Crawl Stone Soup version 0.28-a0-476-g0f06bd746f (webtiles) character file.

Game seed: 10134328613815665423

14778 Spaninq the Geomancer (level 11, -2/91 HPs)
             Began as a Demigod Conjurer on Sept 16, 2021.
             Slain by Urug (16 damage)
             ... on level 11 of the Dungeon.
             The game lasted 00:50:48 (15494 turns).

Spaninq the Geomancer (Demigod Conjurer)           Turns: 15494, Time: 00:50:49

Health: -2/91      AC: 10    Str: 11    XL:     11   Next: 62%
Magic:  14/27      EV: 12    Int: 39    God:
Gold:   775        SH:  0    Dex: 12    Spells: 14/27 levels left

rFire   + . .      SeeInvis .   v - +6 dagger of Tumult {flame, rElec}
rCold   . . .      Faith    .   (no shield)
rNeg    . . .      Spirit   .   p - +0 steam dragon scales
rPois   .          Reflect  .   c - +1 hat "Nedil" {Str+3 Int+7 Slay-6}
rElec   +          Harm     .   n - +0 cloak
rCorr   .          Rampage  .   r - +1 pair of gloves
Will    +....                   B - +0 pair of boots
Stlth   ++........              h - amulet of regeneration
HPRegen 1.25/turn               x - ring of protection from fire
MPRegen 0.20/turn               A - ring of flight

@: lethally poisoned (-2 -> -5), flying
A: high mp 1, forlorn
a: no special abilities


You were on level 11 of the Dungeon.
You visited 1 branch of the dungeon, and saw 11 of its levels.

You collected 775 gold pieces.

Inventory:

Hand Weapons
 d - a +2 scimitar of flaming
 v - the +6 dagger of Tumult (weapon) {flame, rElec}
   (You found it on level 5 of the Dungeon)

   It burns those it strikes, dealing additional fire damage.
   rElec:     It insulates you from electricity.
 F - a +7 hand axe
Missiles
 f - 496 stones
Armour
 c - the +1 hat "Nedil" (worn) {Str+3 Int+7 Slay-6}
   (You acquired it on level 8 of the Dungeon)

   Str:       It affects your strength (+3).
   Int:       It affects your intelligence (+7).
   Slay:      It affects your accuracy & damage with ranged weapons and melee
   (-6).
 n - a +0 cloak (worn)
 o - a +2 kite shield
 p - +0 steam dragon scales (worn)
 r - a +1 pair of gloves (worn)
 B - a +0 pair of boots (worn)
Jewellery
 h - an amulet of regeneration (around neck)
 l - a +6 ring of dexterity
 x - a ring of protection from fire (left hand)
 A - a ring of flight (right hand)
Wands
 g - a wand of mindburst (6)
 s - a wand of paralysis (11)
 z - a wand of flame (18)
Scrolls
 b - 4 scrolls of teleportation
 e - a scroll of amnesia
 i - 2 scrolls of summoning
 m - a scroll of blinking
 u - 2 scrolls of enchant armour
 y - a scroll of identify
Potions
 a - 2 potions of curing {unknown}
 j - a potion of magic
 k - 4 potions of brilliance
 q - a potion of heal wounds
 t - 4 potions of resistance
 w - 2 potions of berserk rage
 E - a potion of mutation {unknown}


   Skills:
 + Level 6.8 Fighting
 - Level 2.1 Dodging
 - Level 2.1 Stealth
 + Level 8.6 Spellcasting
 * Level 10.0 Conjurations
 - Level 2.0 Translocations
 + Level 1.3 Fire Magic
 * Level 10.1 Earth Magic


You had 14 spell levels left.
You knew the following spells:

 Your Spells              Type           Power      Damage    Failure   Level
a - Magic Dart            Conj           100%       1d8       1%          1
b - Searing Ray           Conj           100%       2d8       1%          2
c - Sandblast             Erth           100%       2d20      1%          1
d - Passwall              Tmut/Erth      45%        N/A       1%          2
e - Apportation           Tloc           64%        N/A       1%          1
f - Sticky Flame          Conj/Fire      57%        2d7       2%          4
g - Blink                 Tloc           N/A        N/A       1%          2

Your spell library contained the following spells:

 Spells                   Type           Power      Damage    Failure   Level
 Conjure Flame            Conj/Fire      57%        6-21      1%          3
 Dazzling Flash           Conj/Hex       100%       N/A       1%          3
 Stone Arrow              Conj/Erth      100%       3d13      1%          3
 Iskenderun's Mystic Bla  Conj/Tloc      59%        2d12      1%          4
 Fulminant Prism          Conj/Hex       27%        3d14      2%          4
 Corpse Rot               Necr/Air       N/A        N/A       3%          2
 Poisonous Vapours        Pois/Air       32%        N/A       3%          2
 Lesser Beckoning         Tloc           32%        N/A       3%          3
 Ignite Poison            Fire/Tmut/Pois 20%        N/A       5%          3
 Manifold Assault         Tloc           32%        N/A       26%         5
 Alistair's Intoxication  Tmut/Pois      10%        N/A       52%         5
 Invisibility             Hex            8%         N/A       98%         6


Dungeon Overview and Level Annotations

Branches:
Dungeon (11/15)            Temple (0/1) D:4            Lair (0/6) D:9
    Orc: D:9-12

Shops:
D:3 ?

Annotations:
D:3 exclusion: statue
D:11 Urug


Innate Abilities, Weirdness & Mutations

Your attributes grow dramatically as you level up.
You have an increased reservoir of magic. (+10% MP)
You shall have no god before yourself.


Message History

Urug burns!
You feel sick.
Urug burns!
You feel sick.
Urug burns!
Found a potion of brilliance.
You feel sick.
Urug burns!
Urug stops burning.
Urug throws a silver javelin.
The silver javelin barely misses you.
You feel sick.
Urug hits you with a +0 war axe of venom.
Casting: Sticky Flame (dangerous; 2% risk of failure)
Confirm with . or Enter, or press ? or * to list all spells.
Aiming: Sticky Flame (dangerous; 2% risk of failure)
Press: ? - help, Shift-Dir - straight line, f/p - Urug
Aim: Urug, wielding a +0 war axe of venom, wearing a +0 ring mail, wearing an amulet of guardian spirit and quivering silver javelins (heavily wounded, 100% to hit)
The sticky flame hits Urug.
Urug is severely wounded.
Urug is covered in liquid flames!
You feel sick.
Urug burns!
Urug barely misses you.
You feel sick.
Urug burns!
You feel sick.
Urug burns!
Urug stops burning.
Urug throws a silver javelin.
The silver javelin pierces through you!
* * * LOW HITPOINT WARNING * * *
x2 You feel sick.
You are no longer poisoned.
Urug hits you with a +0 war axe of venom!
* * * LOW HITPOINT WARNING * * *
You are lethally poisoned!
You feel much better.
You feel very sick. Urug completely misses you.
Casting: Sticky Flame (dangerous; 2% risk of failure)
Confirm with . or Enter, or press ? or * to list all spells.
Aiming: Sticky Flame (dangerous; 2% risk of failure)
Press: ? - help, Shift-Dir - straight line, f/p - Urug
Aim: Urug, wielding a +0 war axe of venom, wearing a +0 ring mail, wearing an amulet of guardian spirit and quivering silver javelins (severely wounded, 100% to hit)
The sticky flame hits Urug.
Urug is almost dead.
Urug is covered in liquid flames!
You feel very sick.
Urug burns!
Urug hits you with a +0 war axe of venom!
You die...

#)....# .. #..#
.)'##### !# #.##
.......# .# #.#
.......# .# #.#
.......# ##.# ##.#
.......# #.. #..#
.......# #.# #.##
.......# #.# #.#
.......# #@# #.#
.......# #o# #.#
#....<.# #.# #.#
.####### ##.# #.# #.#
#..# #.# ### #.## #.#
####.######## #.#
#...........###[######
#...........##.......#


You could see Urug (burning).

Vanquished Creatures
  Erica (D:8)
  2 two-headed ogres
  2 centaur zombies
  An unseen horror (D:10)
  2 trolls
  Prince Ribbit (D:5)
  11 yaks
  A wraith (D:10)
  3 hogs (D:10)
  7 humans
  4 wyverns
  2 steam dragons
  A water moccasin (D:5)
  3 orc warriors
  A black bear (D:4)
  6 necrophages
  3 ogres
  3 centaurs
  A bullfrog (D:7)
  A gnoll sergeant (D:7)
  4 scorpions
  A water moccasin zombie (D:4)
  A water moccasin skeleton (D:4)
  2 wights (D:7)
  8 howler monkeys
  2 jellies
  4 bullfrog zombies
  A hound (D:4)
  A human zombie (D:7)
  2 gnoll shamans
  8 orc priests
  2 bullfrog skeletons (D:6)
  2 centaur skeletons
  9 iguanas
  5 orc wizards
  2 scorpion zombies (D:4)
  A killer bee zombie (D:7)
  The ghost of CraigForest the Skirmisher, a weakling VSWn (D:4)
  2 howler monkey zombies
  2 mummies (D:7)
  15 gnolls
  13 adders
  A shadow imp (D:6)
  5 white imps
  2 ufetubi
  An adder zombie (D:4)
  An adder skeleton (D:4)
  3 worms (D:2)
  10 dart slugs
  42 orcs
  10 endoplasms
  4 giant cockroaches
  4 goblins
  7 hobgoblins
  15 kobolds
  8 quokkas
  3 ball pythons
  5 bats
  6 frilled lizards
  A jackal zombie (D:4)
  4 rats
276 creatures vanquished.

Vanquished Creatures (others)
  A wyvern (D:9)
  A plant (D:4)
  2 withered plants (D:4)
4 creatures vanquished.

Grand Total: 280 creatures vanquished

Notes
Turn   | Place    | Note
-------+----------+-------------------------------------------
     0 | D:1      | Spaninq the Demigod Conjurer began the quest for the Orb.
     0 | D:1      | Reached XP level 1. HP: 14/14 MP: 5/5
    90 | D:1      | Reached XP level 2. HP: 20/20 MP: 1/7
   131 | D:1      | Learned a level 2 spell: Searing Ray
   434 | D:1      | Learned a level 1 spell: Sandblast
   908 | D:1      | Reached XP level 3. HP: 26/26 MP: 5/8
   981 | D:1      | Learned a level 2 spell: Passwall
  1591 | D:2      | Reached skill level 1 in Earth Magic
  2095 | D:2      | Reached XP level 4. HP: 33/33 MP: 7/10
  3201 | D:3      | Reached XP level 5. HP: 38/38 MP: 5/11
  4048 | D:3      | Found Gacotim's Magic Scroll Emporium.
  4444 | D:4      | Noticed an ogre
  4457 | D:4      | Killed an ogre
  4458 | D:4      | Reached skill level 5 in Conjurations
  4458 | D:4      | Reached XP level 6. HP: 45/45 MP: 1/13
  4644 | D:4      | Found a staircase to the Ecumenical Temple.
  5193 | D:4      | Reached XP level 7. HP: 44/51 MP: 6/15
  5369 | D:4      | Found a runed translucent door.
  5369 | D:4      | Noticed CraigForest's ghost (weakling VSWn)
  5418 | D:4      | Reached skill level 1 in Fighting
  5796 | D:4      | Learned a level 1 spell: Apportation
  5988 | D:4      | Killed CraigForest's ghost
  6042 | D:5      | Entered Level 5 of the Dungeon
  6782 | D:5      | Reached skill level 5 in Earth Magic
  6782 | D:5      | Reached XP level 8. HP: 47/62 MP: 3/18
  6926 | D:5      | Identified the +6 dagger of Tumult {flame, rElec}
  7253 | D:5      | Noticed Prince Ribbit
  7262 | D:5      | Killed Prince Ribbit
  7263 | D:5      | Reached skill level 5 in Spellcasting
  8740 | D:6      | Reached XP level 9. HP: 70/70 MP: 17/21
 10843 | D:7      | Learned a level 4 spell: Sticky Flame
 11213 | D:8      | Reached skill level 5 in Fighting
 11213 | D:8      | Reached XP level 10. HP: 83/83 MP: 23/25
 11257 | D:8      | Identified a scroll of acquirement
 11257 | D:8      | Acquired the +1 hat "Nedil" {Str+3 Int+7 Slay-6}
 11542 | D:8      | Noticed Erica
 11552 | D:8      | Killed Erica
 12598 | D:9      | Reached XP level 11. HP: 76/89 MP: 19/27
 12732 | D:9      | Reached skill level 1 in Translocations
 13259 | D:9      | Noticed a two-headed ogre
 13266 | D:9      | Killed a two-headed ogre
 13334 | D:9      | Found a staircase to the Lair.
 13418 | D:10     | Entered Level 10 of the Dungeon
 14103 | D:10     | Learned a level 2 spell: Blink
 14513 | D:10     | Reached skill level 10 in Earth Magic
 14927 | D:11     | Noticed a two-headed ogre
 14937 | D:11     | Killed a two-headed ogre
 14938 | D:11     | Reached skill level 1 in Fire Magic
 15398 | D:11     | Noticed Urug
 15405 | D:11     | Reached skill level 10 in Conjurations
 15494 | D:11     | Slain by Urug

Illustrated notes

Levels and vault maps discovered:
D:1:      dpeg_arrival_fog, layout_loops_ring
D:2:      cheibrodos_old_hovel, layout_basic, basic_altar, minmay_pentomino_p2
D:3:      layout_loops_corners, vehumet_statue, nicolae_gozag_seed_capital,
          hellmonk_ecumenical_altar_inner_sanctum, serial_shops,
          nicolae_lakefront_shop, minmay_puff
D:4:      layout_basic, nicolae_yredelemnul_corpse_copse,
          minmay_temple_entry_gardened_gates, gammafunk_ghost_grave
D:5:      kennysheep_slugbush, layout_basic,
          grunt_temple_overflow_forces_of_nature,
          mainiacjoe_overflow_tiny_flanked, uniq_prince_ribbit1
D:6:      layout_loops_ring, grunt_temple_overflow_open
D:7:      layout_gridville, lemuel_mausoleum_altar_kikubaaqudgha,
          minmay_ruined_shrine
D:8:      layout_rooms, hex_large, uniq_erica
D:9:      layout_long_grid, lair_entry_dummy, minmay_ruffians
D:10:     layout_irregular_city, serial_column_ruins, column_ruins_hut,
          column_ruins_grid_1, column_ruins_corridor_straight,
          column_ruins_open_tiny, column_ruins_open_small, grunt_livestock
D:11:     layout_roguey, hiddenorc1_lemuel, gammafunk_ghost_nasty_kobolds,
          uniq_snorg, uniq_urug

Skill      XL: |  1  2  3  4  5  6  7  8  9 10 11 |
---------------+----------------------------------+-----
Dodging        | 2 |  2.1
Stealth        | 2 |  2.1
Spellcasting   | 2 3 4 5 7 8 |  8.6
Conjurations   | 4 5 6 7 8 9 10 | 10.0
Earth Magic    | 1 2 3 5 6 9 10 | 10.1
Fighting       | 2 3 5 6 |  6.8
Translocations | 2 |  2.0
Fire Magic     | 1 |  1.3

Action                   |  1- 3 |  4- 6 |  7- 9 | 10-12 || total
-------------------------+-------+-------+-------+-------++-------
Melee: Short sword       |     6 |     1 |     1 |       ||     8
       Dagger            |       |       |       |     2 ||     2
 Cast: Magic Dart        |    32 |    64 |   134 |    27 ||   257
       Searing Ray       |    29 |    30 |    81 |    59 ||   199
       Sandblast         |       |       |     7 |     9 ||    16
       Sticky Flame      |       |       |     6 |    33 ||    39
  Use: Scroll            |       |       |     7 |    16 ||    23
       Potion            |       |       |     1 |     1 ||     2
Armor: Robe              |     1 |     6 |    19 |    12 ||    38
       Steam dragon scal |       |       |       |    23 ||    23
Dodge: Dodged            |    22 |    14 |    64 |    67 ||   167

Table legend: (Time is in decaauts)
 A = Elapsed time spent in this place.
 B = Non-inter-level travel time spent in this place.
 C = Inter-level travel time spent in this place.
 D = Time resting spent in this place.
 E = Time spent auto-exploring this place.
 F = Levels seen in this place.
 G = Mean time per level.
                   A        B        C        D        E       F      G
               +--------+--------+--------+--------+--------+-----+--------+
         Total |  15513 |  15134 |    379 |   4764 |   7730 |  11 | 1410.3 |
       Dungeon |  15513 |  15134 |    379 |   4764 |   7730 |  11 | 1410.3 |
               +--------+--------+--------+--------+--------+-----+--------+

Top non-repeatable levels by time:
     D:7: 2102 daAuts
     D:4: 1898 daAuts
     D:5: 1647 daAuts
     D:3: 1607 daAuts
     D:2: 1563 daAuts
    D:10: 1390 daAuts
     D:9: 1312 daAuts
     D:6: 1259 daAuts
     D:1: 1160 daAuts
     D:8: 1001 daAuts
    D:11: 569 daAuts
